 Dungeon Crawl Stone Soup version 0.20.0-10-g0535bb4 (webtiles) character file.

46387 Gorglomux the Grappler (level 14, -6/182 (183) HPs)
             Began as an Ogre Transmuter on June 4, 2017.
             Was the Champion of Okawaru.
             Mangled by a blink frog (14 damage)
             ... on level 6 of the Lair of Beasts.
             The game lasted 00:35:44 (23828 turns).

Gorglomux the Grappler (Ogre Transmuter)           Turns: 23828, Time: 00:35:45

HP:   -6/182 (183)  AC:  6    Str: 17    XL:     14   Next: 37%
MP:   21/24         EV: 16    Int: 18    God:    Okawaru [******]
Gold: 495           SH:  0    Dex:  9    Spells: 12/27 levels left

rFire    . . .     SeeInvis .     - Unarmed
rCold    + + +     Gourm    +   (shield currently unavailable)
rNeg     . . .     Faith    .   (armour currently unavailable)
rPois    +         Spirit   .   (helmet currently unavailable)
rElec    .         Reflect  .   (cloak currently unavailable)
rCorr    .         Harm     .   (gloves unavailable)
MR       +....                  (boots unavailable)
Stlth    +++.......             n - amulet of the gourmand
Regen    0.4/turn               f - ring of protection from fire
MPRegen  0.2/turn               o - ring of poison resistance

@: ice-form, heroism
A: unfitting armour
a: End Transformation, Heroism, Finesse, Renounce Religion


You were on level 6 of the Lair of Beasts.
You worshipped Okawaru.
Okawaru was exalted by your worship.
You were very full.
You were a creature of crystalline ice.
You visited 2 branches of the dungeon, and saw 17 of its levels.

You collected 1037 gold pieces.
You spent 542 gold pieces at shops.

Inventory:

Missiles
 a - 196 arrows
 Z - a throwing net (quivered)
Armour
 w - a +2 cloak of magic resistance (melded)
 G - the +1 robe of Wrong Decisions (melded) {+Blink rF++ rN+}
   (You bought it in a shop on level 7 of the Dungeon)

   It greatly protects you from fire.
   It protects you from negative energy.
   It lets you blink.
Jewellery
 f - a ring of protection from fire (left front paw)
 n - an amulet of the gourmand (around neck)
 o - a ring of poison resistance (right front paw)
 t - an uncursed ring of wizardry
 F - an uncursed ring of magical power
Wands
 q - a wand of lightning (4/15)
 r - a wand of lightning (9/15)
 C - a wand of scattershot (5/9)
 D - a wand of digging (12/24)
 L - a wand of lightning (9/15)
 O - a wand of clouds (6/9)
 P - a wand of paralysis (13/24)
 S - a wand of scattershot (1/9)
Scrolls
 g - 2 scrolls of amnesia
 h - 6 scrolls of remove curse
 m - a scroll of immolation
 B - a scroll of blinking
 I - 5 scrolls of recharging
 K - 3 scrolls of fog
 M - 2 scrolls of magic mapping
 N - 2 scrolls of fear
 T - 3 scrolls of teleportation
 Y - 2 scrolls of enchant armour
Potions
 k - 2 potions of mutation {!q}
 p - 2 potions of lignification
 s - 2 potions of haste
 u - 2 potions of resistance
 v - a potion of invisibility
 A - 2 potions of heal wounds
 H - a potion of might
 J - a potion of cancellation
 Q - 4 potions of curing
 X - 6 potions of brilliance
Books
 c - a book of Changes

   Spells                             Type                      Level
   a - Beastly Appendage              Transmutation                1
   b - Sticks to Snakes               Transmutation                2
   c - Spider Form                    Transmutation/Poison         3
   d - Ice Form                       Ice/Transmutation            4
   e - Blade Hands                    Transmutation                5
 W - a book of Debilitation

   Spells                             Type                      Level
   a - Corona                         Hexes                        1
   b - Slow                           Hexes                        2
   c - Inner Flame                    Hexes/Fire                   3
   d - Portal Projectile              Hexes/Translocation          3
   e - Cause Fear                     Hexes                        4
   f - Leda's Liquefaction            Hexes/Earth                  4
Miscellaneous
 U - a box of beasts
Comestibles
 d - 8 bread rations
 y - 16 royal jellies
 z - 6 meat rations
 R - 5 chunks of flesh
 V - 16 fruits


   Skills:
 + Level 13.0(18.0) Fighting
 + Level 9.4(14.4) Dodging
 + Level 13.3(18.3) Unarmed Combat
 - Level 7.0 Spellcasting
 - Level 10.0 Transmutations
 - Level 8.2 Invocations


You had 12 spell levels left.
You knew the following spells:

 Your Spells              Type           Power        Failure   Level  Hunger
a - Beastly Appendage     Tmut           #####.       1%          1    None
b - Sticks to Snakes      Tmut           #####...     1%          2    None
c - Spider Form           Tmut/Pois      ###.......   4%          3    ##.....
d - Blade Hands           Tmut           #####.....   4%          5    #####..
e - Ice Form              Ice/Tmut       ###.....     14%         4    ####...


Dungeon Overview and Level Annotations

Branches:
Dungeon (11/15)            Temple (0/1) D:4            Lair (6/6) D:9
 Shoals (0/4) Lair:4        Snake (0/4) Lair:3        Slime (0/5) Lair:5
    Orc: D:9-12

Altars:
Elyvilon
Nemelex Xobeh
Okawaru
Vehumet
The Shining One

Shops:
D:5 [   D:6 =**}[   D:7 [?


Innate Abilities, Weirdness & Mutations

You are too large for most types of armour.
((You have tough skin. (AC +1)))


Message History

The blink frog is moderately wounded.
The blink frog blinks!
The blink frog barely misses you.
Unknown command.
You pummel the blink frog!!
The blink frog seems to slow down.
You freeze the blink frog.
You kill the blink frog!
Okawaru accepts your kill. The blink frog hits you!
* * * LOW HITPOINT WARNING * * *
The blink frog blinks!
The blink frog blinks!
The blink frog blinks!
You punch the blink frog! You freeze the blink frog.
The blink frog is severely wounded.
The blink frog hits you!
* * * LOW HITPOINT WARNING * * *
You closely miss the blink frog.
The blink frog is severely wounded.
The blink frog hits you!
You die...
PP.

#.#.....##?.....
....###......#......≈
#...#P.............≈#
#..#.P....§.........#
#...................≈
........F.....F....≈≈
.........§....†...#≈≈#
###................##
#...[..........Y....#
#........##......F..##.
#...P....####...........
....#...####...........
##...#..#..#......#.#..
.........#....#....##..
#.P..........#....#
####...#.........PP..
#...####...........


You could see 3 blink frogs.

Vanquished Creatures
  Rupert (Lair:4)
  Erolcha (D:9)
  Erica (D:9)
  5 hydras
  3 two-headed ogres
  The ghost of Larmestyx the Grappler, a novice TrCj of Cheibriados (D:9)
  Urug (Lair:4)
  Nergalle (Lair:1)
  A lindwurm (Lair:5)
  An ugly thing (D:11)
  2 merfolk sirens (Lair:4)
  14 elephants (Lair:4)
  5 black mambas
  Maurice (D:8)
  8 spiny frogs
  4 komodo dragons
  2 rime drakes
  A queen bee (D:9)
  2 merfolk (Lair:4)
  A polar bear (Lair:5)
  2 trolls (D:10)
  Prince Ribbit (D:7)
  8 blink frogs
  6 dream sheep
  6 hippogriffs
  2 wyverns
  44 yaks
  3 basilisks
  2 hungry ghosts
  8 nagas (Lair:3)
  17 porcupines
  13 water moccasins
  A black bear (D:10)
  3 ice beasts
  4 orc warriors
  A phantom (D:11)
  12 wolves
  2 necrophages
  4 centaurs
  13 crocodiles
  17 bullfrogs
  3 big kobolds (D:9)
  A gnoll sergeant (D:6)
  8 scorpions
  18 killer bees
  5 wights (D:11)
  An electric eel (Lair:3)
  A howler monkey (D:8)
  3 centaur zombies
  7 crimson imps
  5 jellies
  A centaur skeleton (D:3)
  4 hounds
  A bullfrog skeleton (D:7)
  5 orc priests
  9 orc wizards
  Crazy Yiuf (D:3)
  3 iguanas
  9 worker ants
  A hound zombie (D:10)
  2 hound skeletons
  2 howler monkey zombies (D:9)
  A worker ant zombie (D:6)
  A howler monkey skeleton (D:4)
  10 adders
  16 gnolls
  A shadow imp (D:8)
  2 oozes (Lair:5)
  A worm (D:3)
  5 dart slugs
  6 leopard geckos
  39 orcs
  3 bats
  5 giant cockroaches
  6 goblins
  4 hobgoblins
  18 jackals
  4 quokkas
  A ball python (D:2)
  9 frilled lizards
  12 kobolds
  A leopard gecko zombie (D:9)
  7 rats
  4 fungi
  A plant (D:9)
472 creatures vanquished.

Vanquished Creatures (collateral kills)
  A hydra (Lair:6)
  Psyche (D:11)
  Grum (D:9)
  A water moccasin (D:8)
  A killer bee (D:9)
  An orc wizard (D:3)
  An orc (D:3)
  A giant cockroach (D:1)
  A goblin (D:1)
9 creatures vanquished.

Vanquished Creatures (others)
  17 fungi
  5 plants
22 creatures vanquished.

Grand Total: 503 creatures vanquished

Notes
Turn   | Place    | Note
-------+----------+-------------------------------------------
     0 | D:1      | Gorglomux the Ogre Transmuter began the quest for the Orb.
     0 | D:1      | Reached XP level 1. HP: 19/19 MP: 3/3
   341 | D:1      | You fall through a shaft!
   341 | D:2      | Found an iron altar of Okawaru.
   348 | D:2      | Became a worshipper of Warmaster Okawaru
   360 | D:2      | Reached XP level 2. HP: 9/28 MP: 3/5
   594 | D:2      | Learned a level 2 spell: Sticks to Snakes
   608 | D:2      | Found a white marble altar of Elyvilon.
   721 | D:1      | Reached skill level 3 in Unarmed Combat
  1028 | D:1      | Reached XP level 3. HP: 28/36 MP: 6/6
  1235 | D:1      | Reached skill level 3 in Fighting
  1914 | D:1      | Learned a level 3 spell: Spider Form
  2147 | D:1      | Reached XP level 4. HP: 10/48 MP: 1/7
  3363 | D:3      | Reached skill level 3 in Spellcasting
  3394 | D:3      | Found a runed door.
  3437 | D:3      | Reached XP level 5. HP: 50/54 MP: 9/9
  3739 | D:3      | HP: 2/54 [poisoned by an orc]
  3747 | D:3      | HP: 2/54 [poisoned by an orc]
  4220 | D:3      | Reached XP level 6. HP: 49/62 MP: 11/11
  4325 | D:3      | Noticed Crazy Yiuf
  4334 | D:3      | Killed Crazy Yiuf
  4334 | D:3      | Reached skill level 3 in Transmutations
  4370 | D:3      | Reached * piety under Okawaru
  4716 | D:4      | Found a staircase to the Ecumenical Temple.
  4825 | D:4      | Reached XP level 7. HP: 58/68 MP: 13/13
  5991 | D:5      | Entered Level 5 of the Dungeon
  6044 | D:5      | Found Exit's Armour Emporium.
  6052 | D:5      | Bought a +1 cloak of magic resistance for 198 gold pieces
  6441 | D:5      | Found a radiant altar of Vehumet.
  6718 | D:6      | Found Litiluh's Assorted Antiques.
  6722 | D:6      | Bought a scroll labeled XEZENT TUSEISU for 23 gold pieces
  6722 | D:6      | Bought a scroll of identify for 46 gold pieces
  6722 | D:6      | Bought a scroll labeled LIONKU HYINLIA for 23 gold pieces
  6763 | D:6      | Found Zaac's Gadget Boutique.
  6782 | D:6      | Reached XP level 8. HP: 53/78 MP: 16/16
  6787 | D:6      | Reached ** piety under Okawaru
  7291 | D:6      | Reached skill level 6 in Spellcasting
  7473 | D:6      | Found Voifyubb's General Store.
  7496 | D:6      | Bought a potion of cancellation for 88 gold pieces
  7496 | D:6      | Bought a potion of curing for 33 gold pieces
  7496 | D:6      | Found Gewnoh's Jewellery Shop.
  7540 | D:6      | Found a glowing golden altar of the Shining One.
  7540 | D:6      | Found a sparkling altar of Nemelex Xobeh.
  7795 | D:6      | Reached skill level 6 in Unarmed Combat
  7925 | D:6      | Found Bunaam's Armour Boutique.
  8104 | D:7      | Noticed Prince Ribbit
  8113 | D:7      | Killed Prince Ribbit
  8153 | D:7      | Found Eshafy's Antique Armour Shoppe.
  8254 | D:7      | Found Imymeot's Magic Scroll Emporium.
  8684 | D:8      | Reached XP level 9. HP: 60/84 MP: 19/19
  8688 | D:8      | Reached *** piety under Okawaru
  8720 | D:7      | Bought an opalescent robe for 131 gold pieces
  8730 | D:7      | Identified the +1 robe of Wrong Decisions {+Blink rF++ rN+} (You bought it in a shop on level 7 of the Dungeon)
  8777 | D:8      | Reached skill level 6 in Transmutations
  8784 | D:8      | Learned a level 5 spell: Blade Hands
  8829 | D:8      | Noticed a two-headed ogre
  8846 | D:8      | Killed a two-headed ogre
  8946 | D:8      | Reached **** piety under Okawaru
  9165 | D:8      | Noticed Maurice
  9178 | D:8      | Killed Maurice
  9529 | D:9      | Noticed Erica
  9542 | D:9      | Killed Erica
  9542 | D:9      | Reached XP level 10. HP: 32/92 MP: 17/20
  9543 | D:9      | Reached skill level 9 in Unarmed Combat
  9544 | D:9      | Reached ***** piety under Okawaru
  9751 | D:9      | Reached skill level 9 in Transmutations
  9919 | D:9      | Noticed a two-headed hydra
  9938 | D:9      | Killed a two-headed hydra
 10188 | D:9      | Noticed Grum
 10201 | D:9      | Received a gift from Okawaru
 10232 | D:8      | HP: 2/92 [porcupine's spines (13)]
 10899 | D:8      | Reached XP level 11. HP: 87/98 MP: 21/21
 11046 | D:9      | Noticed Erolcha
 11058 | D:9      | Killed Erolcha
 11058 | D:9      | Reached skill level 1 in Invocations
 11187 | D:9      | Noticed a two-headed ogre
 11201 | D:9      | Killed a two-headed ogre
 11284 | D:9      | Noticed Larmestyx's ghost (novice TrCj)
 11294 | D:9      | Killed Grum
 11333 | D:9      | Reached skill level 3 in Dodging
 11349 | D:9      | Killed Larmestyx's ghost
 11433 | D:9      | Reached skill level 3 in Invocations
 11781 | D:9      | Reached skill level 6 in Fighting
 12531 | D:9      | Found a staircase to the Lair.
 12806 | D:10     | Entered Level 10 of the Dungeon
 13144 | D:10     | Reached XP level 12. HP: 113/118 MP: 22/22
 13399 | D:10     | Noticed a two-headed ogre
 13401 | D:10     | Killed a two-headed ogre
 13704 | D:10     | Received a gift from Okawaru
 14253 | D:11     | Noticed Psyche
 14261 | D:11     | Killed Psyche
 14364 | D:11     | Noticed a six-headed hydra
 14403 | D:11     | Killed a six-headed hydra
 14409 | D:11     | Learned a level 4 spell: Ice Form
 15408 | D:11     | Reached skill level 6 in Invocations
 15821 | Lair:1   | Entered Level 1 of the Lair of Beasts
 15869 | Lair:1   | Noticed Nergalle
 15886 | Lair:1   | Killed Nergalle
 16013 | Lair:1   | Received a gift from Okawaru
 16013 | Lair:1   | Reached skill level 9 in Fighting
 16359 | Lair:1   | Reached skill level 6 in Dodging
 16942 | Lair:2   | Reached ****** piety under Okawaru
 17789 | Lair:2   | Reached XP level 13. HP: 132/132 MP: 23/23
 18298 | Lair:2   | Reached skill level 12 in Unarmed Combat
 19351 | Lair:3   | Found a staircase to the Snake Pit.
 20348 | Lair:4   | Found a staircase to the Shoals.
 21063 | Lair:4   | Noticed Urug
 21077 | Lair:4   | Killed Urug
 21077 | Lair:4   | Received a gift from Okawaru
 21806 | Lair:4   | Reached skill level 12 in Fighting
 21977 | Lair:4   | Received a gift from Okawaru
 21982 | Lair:4   | Reached XP level 14. HP: 125/148 MP: 24/24
 22232 | Lair:4   | Noticed Rupert
 22260 | Lair:4   | Killed Rupert
 22260 | Lair:4   | Reached skill level 9 in Dodging
 22692 | Lair:5   | Found a staircase to the Slime Pits.
 23357 | Lair:6   | Entered Level 6 of the Lair of Beasts
 23827 | Lair:6   | HP: 8/182 [blink frog (11)]
 23828 | Lair:6   | Mangled by a blink frog

Skill      XL: |  1  2  3  4  5  6  7  8  9 10 11 12 13 14 |
---------------+-------------------------------------------+-----
Fighting       | 2 3 7 9 12 13 | 13.0
Unarmed Combat | 3 4 5 6 8 10 11 12 13 | 13.3
Transmutations | 2 3 4 5 8 9 10 | 10.0
Spellcasting   | 3 4 5 7 |  7.0
Dodging        | 4 6 8 9 |  9.4
Invocations    | 4 7 8 |  8.2

Action                   |  1- 3 |  4- 6 |  7- 9 | 10-12 | 13-15 || total
-------------------------+-------+-------+-------+-------+-------++-------
Melee: Unarmed           |   135 |   247 |   319 |   529 |   370 ||  1600
       Kick              |     6 |     1 |     7 |       |       ||    14
       Headbutt          |     2 |     3 |       |       |       ||     5
       Punch             |     3 |     1 |       |    14 |     1 ||    19
 Cast: Beastly Appendage |    14 |     6 |     2 |     1 |       ||    23
       Sticks to Snakes  |     2 |     2 |     2 |    14 |    10 ||    30
       Spider Form       |     2 |    18 |    40 |    33 |     9 ||   102
       Blade Hands       |       |       |     2 |    27 |     7 ||    36
       Ice Form          |       |       |       |     3 |    30 ||    33
Invok: Heroism           |       |     1 |     5 |     6 |     7 ||    19
       Finesse           |       |       |       |     1 |     3 ||     4
 Abil: End Transformatio |       |     2 |     2 |       |     2 ||     6
Evoke: Wand              |       |       |       |     2 |       ||     2
  Use: Scroll            |       |     8 |     5 |     7 |    10 ||    30
       Potion            |       |     2 |       |     2 |       ||     4
 Stab: Sleeping          |       |     1 |       |       |     1 ||     2
  Eat: Chunk             |     2 |    11 |    19 |    29 |    31 ||    92
       Bread ration      |     1 |       |       |     1 |       ||     2
       Meat ration       |       |       |       |     1 |     1 ||     2
       Royal jelly       |       |       |       |       |     4 ||     4
Armor: Robe              |    31 |    46 |    18 |    67 |    12 ||   174
       Skin              |     1 |     6 |     8 |    15 |    33 ||    63
Dodge: Dodged            |    84 |   165 |   218 |   393 |   202 ||  1062
